 Dungeon Crawl Stone Soup version 0.30.1-4-g462c640d31 (webtiles) character file.

Game seed: 1162289105623992579

19716 Radiant the Covert (level 12, -13/81 HPs)
             Began as a Demigod Conjurer on Sept 12, 2023.
             Mangled by a very large slime creature (55 damage)
             ... on level 13 of the Dungeon on Sept 13, 2023.
             The game lasted 01:51:14 (18149 turns).

Radiant the Covert (Demigod Conjurer)              Turns: 18149, Time: 01:51:14

Health: -13/81     AC: 10    Str:  8    XL:     12   Next: 11%
Magic:  6/29       EV: 18    Int: 36    God:
Gold:   326        SH:  0    Dex: 18    Spells: 1/28 levels left

rFire   . . .        l - staff of conjuration
rCold   . . .        (no shield)
rNeg    . . .        N - +0 steam dragon scales
rPois   .            (no helmet)
rElec   .            (no cloak)
rCorr   .            (no gloves)
SInv    .            m - +0 pair of boots
Will    +....        e - amulet of regeneration
Stlth   +++++        z - +4 ring of protection
HPRegen 1.13/turn    y - +6 ring of dexterity
MPRegen 0.21/turn

%: no passive effects
@: no status effects
A: high MP 1, forlorn, divine attributes
a: no special abilities


You were on level 13 of the Dungeon.
You visited 2 branches of the dungeon, and saw 14 of its levels.
You also visited: Ossuary.

You collected 968 gold pieces.
You spent 642 gold pieces at shops.

Inventory:

Hand Weapons
 h - a +1 short sword of protection
 t - a +2 spectral quarterstaff
 G - a +2 whip of freezing
Missiles
 c - 2 javelins
 k - 15 boomerangs
 Q - 8 curare-tipped darts
 R - a throwing net
 Y - 5 poisoned darts
Armour
 a - a +1 robe
 m - a +0 pair of boots (worn)
 N - +0 steam dragon scales (worn)
 O - a +0 troll leather armour
 W - +0 acid dragon scales
Magical Staves
 l - a staff of conjuration (weapon)
Jewellery
 d - a ring of protection from cold
 e - an amulet of regeneration (around neck)
 i - an amulet of the acrobat
 p - an amulet of regeneration
 u - a ring of resist corrosion
 y - a +6 ring of dexterity (right hand)
 z - a +4 ring of protection (left hand)
 L - an amulet of reflection
 T - a ring of ice
Wands
 n - a wand of mindburst (20)
 r - a wand of charming (8)
 D - a wand of polymorph (14)
 E - a wand of light (4)
 F - a wand of flame (24)
 X - a wand of digging (3)
Scrolls
 j - 3 scrolls of identify
 v - 3 scrolls of amnesia
 x - 2 scrolls of enchant weapon
 H - 3 scrolls of magic mapping
 I - 4 scrolls of enchant armour
 M - 5 scrolls of silence
 P - 2 scrolls of fog
 S - a scroll of vulnerability
 V - a scroll of teleportation
 Z - 2 scrolls of acquirement {unknown}
Potions
 b - 4 potions of magic
 f - 6 potions of attraction
 g - 2 potions of mutation
 o - 3 potions of curing
 q - 4 potions of heal wounds
 s - 3 potions of lignification
 w - 2 potions of ambrosia
 A - a potion of haste {unknown}
 B - 3 potions of brilliance
 C - 6 potions of might
 J - 2 potions of flight
 K - a potion of invisibility {unknown}
Miscellaneous
 U - a phial of floods (quivered)


   Skills:
 + Level 9.3 Dodging
 + Level 10.2 Stealth
 + Level 8.6 Spellcasting
 - Level 7.6 Conjurations
 - Level 4.6 Hexes
 - Level 2.0 Translocations
 - Level 4.9 Earth Magic
 - Level 4.0 Evocations


You had one spell level left.
You knew the following spells:

 Your Spells              Type           Power      Damage    Failure   Level
a - Magic Dart            Conj           100%       1d8       1%          1
b - Searing Ray           Conj           100%       2d8       1%          2
c - Fulminant Prism       Conj/Hex       37%        3d18      2%          4
d - Stone Arrow           Conj/Erth      100%       3d13      1%          3
e - Iskenderun's Mystic   Conj/Tloc      66%        2d14      3%          4
f - Dazzling Flash        Conj/Hex       100%       N/A       1%          3
g - Iskenderun's Battles  Conj           82%        2d13      3%          5
h - Fireball              Conj/Fire      29%        3d13      16%         5

Your spell library contained the following spells:

 Spells                   Type           Power      Damage    Failure   Level
 Apportation              Tloc           58%        N/A       1%          1
 Beastly Appendage        Tmut           30%        N/A       2%          1
 Necrotise                Necr           60%        1d7       2%          1
 Sublimation of Blood     Necr           15%        N/A       4%          2
 Wereblood                Tmut           15%        N/A       4%          2
 Spider Form              Tmut/Pois      15%        N/A       9%          3
 Vampiric Draining        Necr           15%        2d7       9%          3
 Animate Armour           Summ/Erth      66%        N/A       10%         4
 Silence                  Hex/Air        16%        N/A       28%         5
 Agony                    Necr           15%        N/A       58%         5
 Alistair's Intoxication  Tmut/Pois      10%        N/A       58%         5
 Conjure Ball Lightning   Conj/Air       29%        3x3d8     65%         6
 Orb of Destruction       Conj           41%        9d11      69%         7
 Summon Hydra             Summ           7%         N/A       100%        7
 Lehudib's Crystal Spear  Conj/Erth      37%        10d9      100%        8


Dungeon Overview and Level Annotations

Branches:
Dungeon (13/15)            Temple (0/1) D:6            Lair (1/5) D:8
    Orc (0/2) D:9         Ossuary (visited)
 Vaults: D:13-14

Shops:
D:5 !   D:6 =:*   D:9 (   D:10 !=*

Annotations:
D:6 bookstore


Innate Abilities, Weirdness & Mutations

You have an increased reservoir of magic. (+10% MP)
You shall have no god before yourself.
Your divine heritage dramatically boosts your attributes as you level up.


Message History

Aiming: Searing Ray (safe; 1% risk of failure)
Press: ? - help, Shift-Dir - straight line, f - large slime creature, p - slime creature
Aim: a large slime creature (lightly wounded, ally target, 96% to hit)
You feel a surge of power!
The searing ray hits the slime creature.
The slime creature is severely wounded.
The searing ray hits the large slime creature!
The large slime creature is moderately wounded. (Press . to maintain the ray.)
Your fulminant prism explodes!
The blast of energy engulfs the slime creature!!
The slime creature is severely wounded.
The blast of energy engulfs the cyclops!!
You kill the cyclops!
The blast of energy engulfs the slime creature!!
You kill the slime creature!
You hear a roar!
The searing ray hits the slime creature!
The slime creature is almost dead.
The searing ray hits the slime creature!
The slime creature is moderately wounded.
Two slime creatures merge to form a large slime creature.
The slime creature hits you but does no damage.
The searing ray hits the slime creature!
You kill the slime creature!
The searing ray hits the large slime creature!
The large slime creature is heavily wounded.
You finish channelling your searing ray.
Two slime creatures merge to form a very large slime creature.
Found a scroll of identify.
The very large slime creature hits you!!
The very large slime creature attacks as you move away!
The very large slime creature hits you!!
The very large slime creature attacks as you move away!
The very large slime creature closely misses you.
There is an open door here.
The very large slime creature attacks as you move away!
The very large slime creature hits you!!!
Ouch! That really hurt!
You die...

#.....####### ##########
#...........###........#
......#####..##........#
#.....# ##.).........#
#.....# ####........#
#.....# #.......<#
#.....# #........#
#.....# #####.######
####.## #..J@.# ..
##'#########
#..........#
#..........#
#.........?#
#..........#
...(.............#
......#..........#
......#..........#


You could see a very large slime creature.

Vanquished Creatures
  4 two-headed ogres
  A boulder beetle (D:7)
  The ghost of Esekla the Thaumaturge, a journeyman DENe of Vehumet (D:11)
  Sonja (D:10)
  Pikel (D:4)
  An ugly thing (D:13)
  A manticore (D:12)
  2 cyclopes (D:13)
  Joseph (D:8)
  A gargoyle (D:11)
  2 kobold demonologists
  Maggie (D:8)
  3 komodo dragons
  4 trolls
  4 slime creatures
  2 shadows (D:11)
  10 yaks
  3 vampires
  4 wraiths
  2 steam dragons
  10 vampire mosquitoes (D:12)
  Edmund (D:4)
  2 acid dragons
  9 orc warriors
  Duvessa (D:7)
  5 water moccasins
  2 sky beasts
  A black bear (D:6)
  2 ice beasts
  An ogre (D:5)
  8 centaurs
  A lemure (D:4)
  2 phantoms
  3 kobold brigands
  A gnoll sergeant (D:10)
  3 bullfrogs
  2 scorpions
  A water moccasin zombie (Ossuary)
  4 wights
  A jelly (D:6)
  Dowan (D:7)
  6 howler monkeys
  4 bullfrog zombies (Ossuary)
  3 centaur zombies (Ossuary)
  4 hounds
  6 orc priests
  Jessica (D:3)
  A gnoll bouda (D:10)
  An iguana (D:6)
  11 orc wizards
  Ijyb (D:4)
  5 killer bee zombies (Ossuary)
  4 howler monkey zombies (Ossuary)
  15 mummies
  17 gnolls
  11 adders
  3 white imps
  An ufetubus (D:4)
  2 worms
  5 dart slugs
  53 orcs
  4 endoplasms
  4 giant cockroaches
  4 goblins
  7 hobgoblins
  5 jackals
  16 kobolds
  2 quokkas
  7 ball pythons
  4 bats
  6 frilled lizards
  9 rats
332 creatures vanquished.

Vanquished Creatures (others)
  107 fulminant prisms
107 creatures vanquished.

Grand Total: 439 creatures vanquished

Notes
Turn   | Place    | Note
-------+----------+-------------------------------------------
     0 | D:1      | Radiant the Demigod Conjurer began the quest for the Orb.
     0 | D:1      | Reached XP level 1. HP: 14/14 MP: 5/5
   391 | D:1      | Reached skill level 2 in Stealth
   396 | D:1      | Reached XP level 2. HP: 20/20 MP: 7/7
  1058 | D:2      | Learned a level 2 spell: Searing Ray
  1269 | D:2      | Reached skill level 1 in Hexes
  1269 | D:2      | Reached XP level 3. HP: 26/26 MP: 3/8
  2444 | D:3      | Noticed Jessica
  2468 | D:3      | Killed Jessica
  2469 | D:3      | Reached XP level 4. HP: 16/33 MP: 10/10
  2568 | D:3      | Learned a level 4 spell: Fulminant Prism
  2832 | D:3      | Reached skill level 3 in Stealth
  3219 | D:4      | You fall into a shaft and drop 2 floors!
  3221 | D:6      | Noticed a water moccasin
  3225 | D:6      | Killed a water moccasin
  3226 | D:6      | Reached skill level 1 in Evocations
  3226 | D:6      | Reached XP level 5. HP: 38/38 MP: 3/12
  3339 | D:6      | Reached XP level 6. HP: 37/45 MP: 7/13
  3543 | D:6      | Found Xenigofu's Book Shoppe.
  3611 | D:6      | Identified the +1 leather armour "Mimiria" {Str+3}
  3632 | D:6      | Noticed a water moccasin
  3642 | D:6      | Killed a water moccasin
  3643 | D:6      | Reached skill level 4 in Stealth
  3752 | D:6      | Reached XP level 7. HP: 50/50 MP: 8/15
  4009 | D:6      | Found a staircase to the Ecumenical Temple.
  4418 | D:6      | Found Wium's Jewellery Emporium.
  4480 | D:6      | Identified the +3 leather armour "Woeweib" {Str+2}
  4743 | D:6      | Reached XP level 8. HP: 50/57 MP: 8/17
  4850 | D:6      | Found Ozika's Assorted Antiques.
  5095 | D:5      | Entered Level 5 of the Dungeon
  5129 | D:5      | Found a sand-covered staircase.
  5152 | Ossuary  | Entered an ossuary
  5450 | Ossuary  | Reached skill level 5 in Stealth
  5553 | Ossuary  | Reached skill level 5 in Conjurations
  6291 | D:5      | Reached skill level 5 in Dodging
  6825 | D:5      | Found Vidyahus's Distillery.
  6828 | D:5      | Bought a potion of brilliance for 48 gold pieces
  7337 | D:4      | Noticed Ijyb
  7343 | D:4      | Killed Ijyb
  7579 | D:4      | Noticed Pikel
  7638 | D:4      | Killed Pikel
  7639 | D:4      | Reached XP level 9. HP: 57/62 MP: 11/20
  8018 | D:4      | Noticed Edmund
  8026 | D:4      | Killed Edmund
  8027 | D:4      | Reached skill level 6 in Stealth
  8027 | D:4      | Reached skill level 5 in Spellcasting
  8672 | D:7      | Noticed Duvessa
  8674 | D:7      | Noticed Dowan
  8682 | D:7      | Killed Duvessa
  8688 | D:7      | Killed Dowan
  9309 | D:8      | Reached skill level 1 in Earth Magic
  9320 | D:8      | Noticed Joseph
  9590 | D:8      | HP: 1/62 [Joseph/sling bullet (15)]
  9679 | D:8      | Found a staircase to the Lair.
  9751 | D:8      | Killed Joseph
  9833 | D:8      | Noticed a boulder beetle
 10058 | D:8      | Noticed Maggie
 10066 | D:8      | Killed Maggie
 10405 | D:8      | Reached skill level 7 in Stealth
 10405 | D:8      | Reached XP level 10. HP: 42/69 MP: 6/22
 10557 | D:7      | Killed a boulder beetle
 10687 | Lair:1   | Entered Level 1 of the Lair of Beasts
 10892 | D:9      | Noticed a two-headed ogre
 10908 | D:8      | HP: 2/69 [two-headed ogre/+0 giant spiked club (13)]
 10910 | D:8      | Killed a two-headed ogre
 11145 | D:9      | Learned a level 3 spell: Stone Arrow
 11145 | D:9      | Noticed a two-headed ogre
 11149 | D:9      | Killed a two-headed ogre
 11630 | D:9      | Learned a level 4 spell: Iskenderun's Mystic Blast
 11749 | D:9      | Found Loigan's Weapon Shop.
 11916 | D:9      | Found a staircase to the Orcish Mines.
 12305 | D:10     | Entered Level 10 of the Dungeon
 12819 | D:10     | Reached skill level 1 in Translocations
 13026 | D:10     | Killed Sonja
 13027 | D:10     | Reached skill level 8 in Stealth
 13027 | D:10     | Reached XP level 11. HP: 67/74 MP: 17/25
 13424 | D:10     | Found Jask's Jewellery Emporium.
 13429 | D:10     | Found Qixuezo's Distillery.
 13504 | D:10     | Found Wiudghagg's Serpentskin Sales.
 14397 | D:11     | Found a runed translucent door.
 14401 | D:11     | Noticed Esekla's ghost (journeyman DENe)
 14487 | D:11     | Noticed a two-headed ogre
 14492 | D:11     | Killed a two-headed ogre
 14689 | D:11     | Noticed a deep elf pyromancer
 15169 | D:11     | Killed Esekla's ghost
 15280 | D:11     | Reached skill level 9 in Stealth
 15922 | D:12     | Learned a level 3 spell: Dazzling Flash
 16892 | D:6      | Bought a book of the Spheres for 594 gold pieces
 16898 | D:6      | Learned a level 5 spell: Iskenderun's Battlesphere
 17848 | D:13     | Reached skill level 10 in Stealth
 17848 | D:13     | Reached XP level 12. HP: 45/81 MP: 0/28
 17854 | D:13     | Learned a level 5 spell: Fireball
 18149 | D:13     | Mangled by a very large slime creature

Illustrated notes

Levels and vault maps discovered:
D:1:      dpeg_arrival_rooms_a, layout_basic, chequers_serial_rivers_micro_c,
          kennysheep_minor_cross
D:2:      layout_basic, serial_bayou, serial_bayou_pond_a, serial_bayou_pond_a,
          serial_bayou_ford_a, serial_bayou_shore_a, serial_bayou_lagoon_a,
          serial_bayou_pond_b, minmay_misc_feat_plants, grunt_ministairs_11
D:3:      layout_basic, mainiacjoe_overflow_paths,
          nemelex_xobeh_ov_fountains_minmay, corner_web_ring,
          minmay_misc_feat_secret_circle, uniq_jessica
D:4:      layout_gridville, nicolae_hepliaklqana_hazy_memory,
          dk_rats_in_the_wall, uniq_edmund, uniq_pikel, uniq_ijyb
D:5:      layout_basic, gup_ossuary_entry_pyramid, serial_shops,
          nicolae_shop_stone
D:6:      minmay_angry_zag, layout_gridville, lemuel_tele_altar,
          mainiacjoe_overflow_24_doors, minmay_temple_entry_from_below_a,
          serial_shops, nicolae_book_shop_shelving,
          nicolae_shop_pleasant_corner_grove,
          nicolae_shop_pleasant_corner_grove, grunt_decor_resistance
D:7:      layout_loops_corners, amcnicky_mini_corridor_feature,
          solitary_fountain, minivault_22, uniq_duvessa
D:8:      layout_basic, zin_statuary, dpeg_oklobed_lair,
          nicolae_fountain_basement, uniq_joseph, uniq_maggie
D:9:      layout_cross, orc_0_dummy, serial_shops,
          nicolae_shop_bloodbath_and_beyond
D:10:     layout_roguey, serial_shops, nicolae_shop_statue_plus, shop,
          guppyfry_shop_venom, uniq_sonja
D:11:     layout_irregular_city, hellmonk_ghost_happy_afterlife,
          lightli_corner_chamber
D:12:     layout_loops_ring
D:13:     layout_roguey [special_room_orc], tgw_sif
Lair:1:   layout_cave_pods

Skill      XL: |  1  2  3  4  5  6  7  8  9 10 11 |
---------------+----------------------------------+-----
Stealth        | 2 3 4 5 7 8 10 | 10.2
Dodging        | 2 3 4 5 6 7 9 |  9.3
Spellcasting   | 2 3 4 5 6 8 |  8.6
Hexes          | 1 2 3 4 |  4.6
Evocations     | 1 2 4 |  4.0
Conjurations   | 4 5 6 7 |  7.6
Earth Magic    | 2 4 |  4.9
Translocations | 1 2 |  2.0

Action                     |  1- 3 |  4- 6 |  7- 9 | 10-12 || total
---------------------------+-------+-------+-------+-------++-------
  Melee: Short sword       |    58 |       |       |       ||    58
         Unarmed           |     1 |       |       |       ||     1
         Staff             |   127 |    24 |    17 |    24 ||   192
         Punch             |     4 |       |       |       ||     4
   Cast: Magic Dart        |    48 |    24 |    90 |    65 ||   227
         Searing Ray       |     2 |    15 |   102 |    28 ||   147
         Fulminant Prism   |       |     2 |     8 |    97 ||   107
         Stone Arrow       |       |       |       |    82 ||    82
  Evoke: Wand              |       |       |     3 |       ||     3
    Use: Scroll            |     6 |     3 |     7 |     7 ||    23
         Potion            |       |       |     3 |     2 ||     5
   Stab: Sleeping          |     4 |       |       |       ||     4
 Armour: Robe              |    32 |     6 |    24 |       ||    62
         Steam dragon scal |       |       |     1 |    32 ||    33
  Dodge: Dodged            |    64 |    26 |    70 |   145 ||   305
